 Dungeon Crawl Stone Soup version 0.21-a0-404-g291f19a (webtiles) character file.

42 Moebius the Poker (level 3, -3/28 HPs)
             Began as a Merfolk Gladiator on Oct 31, 2017.
             Slain by an adder (4 damage)
             ... on level 2 of the Dungeon.
             The game lasted 00:01:52 (611 turns).

Moebius the Poker (Merfolk Gladiator)                Turns: 611, Time: 00:01:52

Health: -3/28      AC:  4    Str: 14    XL:     3   Next: 54%
Magic:  3/3        EV: 14    Int:  7    God:
Gold:   29         SH:  0    Dex: 16    Spells: 2/2 levels left

rFire    . . .     SeeInvis .   a - +0 trident
rCold    . . .     Gourm    .   (no shield)
rNeg     . . .     Faith    .   b - +0 leather armour
rPois    .         Spirit   .   c - +0 helmet
rElec    .         Reflect  .   (no cloak)
rCorr    .         Harm     .   (no gloves)
MR       .....                  (no boots)
Stlth    +.........             (no amulet)
HPRegen  0.09/turn              (no ring)
MPRegen  0.08/turn              (no ring)

@: lethally poisoned (-3 -> -6)
A: change form in water, swift swim, stealthy swim
a: no special abilities


You were on level 2 of the Dungeon.
You were not hungry.

You visited 1 branch of the dungeon, and saw 2 of its levels.

You collected 29 gold pieces.

Inventory:

Hand Weapons
 a - a +0 trident (weapon)
Missiles
 d - 2 throwing nets (quivered)
Armour
 b - a +0 leather armour (worn)
 c - a +0 helmet (worn)
Scrolls
 e - 2 scrolls of random uselessness {unknown}
 g - a scroll of identify {unknown}
 i - a scroll of recharging {unknown}
 l - a scroll of amnesia {unknown}
Books
 k - a book of Cantrips

   Spells                             Type                      Level
   a - Confusing Touch                Hexes                        1
   b - Animate Skeleton               Necromancy                   1
   c - Summon Small Mammal            Summoning                    1
   d - Apportation                    Translocation                1
Comestibles
 f - a bread ration
 h - a meat ration
 j - a chunk of flesh


   Skills:
 + Level 2.7 Fighting
 + Level 6.1 Polearms
 - Level 2.0 Throwing
 - Level 4.0 Dodging


You had 2 spell levels left.
You didn't know any spells.

Dungeon Overview and Level Annotations

Branches:
Dungeon (2/15)

Altars:


Message History

The goblin shouts!
You see here 2 throwing nets.
d - 2 throwing nets The adder bites you.
* * * LOW HITPOINT WARNING * * *
The adder bites you.
* * * LOW HITPOINT WARNING * * *
The adder bites you but does no damage.
You closely miss the adder. The adder bites you but does no damage.
You barely miss the adder. The adder misses you.
The adder bites you but does no damage.
You miss the adder. The adder bites you.
* * * LOW HITPOINT WARNING * * *
You are lethally poisoned!
The adder poisons you!
You hit the adder but do no damage.
* * * LOW HITPOINT WARNING * * *
You feel sick. The adder completely misses you.
You closely miss the adder. The adder bites you.
You die...

#
....#...#.#........
.#.#...#.#........
...........#.##.##
................#
.............##.#
............<...#
................#
................#
...#.#@######### .
.....#S# # #
.....#w## ≈≈ ####
#.g###≈≈≈ #.....≈≈.
#...g≈≈.. #...≈....
#...≈..≈≈ #....≈≈..


You could see a worm, an adder and a goblin.

Vanquished Creatures
  2 adders (D:2)
  2 dart slugs (D:1)
  2 giant cockroaches (D:1)
  3 goblins (D:1)
  A hobgoblin (D:1)
  4 kobolds (D:1)
  3 bats (D:1)
  3 frilled lizards (D:1)
  A rat (D:1)
21 creatures vanquished.

Notes
Turn   | Place    | Note
-------+----------+-------------------------------------------
     0 | D:1      | Moebius the Merfolk Gladiator began the quest for the Orb.
     0 | D:1      | Reached XP level 1. HP: 16/16 MP: 1/1
    87 | D:1      | Reached skill level 5 in Polearms
    87 | D:1      | Reached XP level 2. HP: 16/23 MP: 2/2
   543 | D:2      | Reached XP level 3. HP: 16/28 MP: 3/3
   593 | D:2      | Reached skill level 6 in Polearms
   610 | D:2      | HP: 1/28 [poisoned by an adder]
   611 | D:2      | Slain by an adder

Vault maps used:
D:1:      ncdulo_halloftheorcs, st_stairs_14
D:2:      cheibrodos_helix_gallery, nicolae_ru_great_annihilating_truth

Skill      XL: |  1  2  3 |
---------------+----------+-----
Polearms       | 5 6 |  6.1
Fighting       | |  2.7
Throwing       | |  2.0
Dodging        | |  4.0

Action                   || total
-------------------------++-------
Melee: Trident           ||    79
Throw: Throwing net      ||     3
 Stab: Sleeping          ||     1
Armor: Leather armour    ||    23
Dodge: Dodged            ||    35

Table legend:
 A = Spawn XP
 B = Non-spawn XP
 C = Spawn XP percentage of total XP
 D = Spawn monster count
 E = Non-spawn monster count
 F = Spawn count percentage of total count
 G = Total turns spent on level
                    A         B        C        D         E        F      G
               +---------+---------+-------+---------+---------+-------+---------
         Total |       0 |      60 |   0.0 |       0 |      21 |   0.0 |   611
               +---------+---------+-------+---------+---------+-------+---------
           D:1 |       0 |      33 |   0.0 |       0 |      19 |   0.0 |   531
           D:2 |       0 |      27 |   0.0 |       0 |       2 |   0.0 |    80
               +---------+---------+-------+---------+---------+-------+---------
